 Dungeon Crawl Stone Soup version 0.25.1-2-g60ff931df9 (webtiles) character file.

Game seed: 11097936416532189640

125 Curus the Chopper (level 4, 0/39 HPs)
             Began as a Minotaur Fighter on Oct 20, 2020.
             Slain by a gnoll
             ... wielding a +0 halberd
              (7 damage)
             ... on level 3 of the Dungeon.
             The game lasted 00:08:45 (1641 turns).

Curus the Chopper (Minotaur Fighter)                Turns: 1641, Time: 00:08:45

Health: 0/39       AC:  7    Str: 21    XL:     4   Next: 82%
Magic:  3/3        EV:  4    Int:  6    God:
Gold:   128        SH:  0    Dex:  9    Spells: 3/3 levels left

rFire    . . .     SeeInvis +   p - +5 war axe
rCold    . . .     Gourm    .   c - +0 kite shield
rNeg     . . .     Faith    .   b - +1 scale mail
rPois    .         Spirit   .   (helmet restricted)
rElec    .         Reflect  .   (no cloak)
rCorr    .         Harm     .   (no gloves)
MR       .....                  (no boots)
Stlth    +.........             j - amulet of regeneration
HPRegen  0.53/turn              i - ring of stealth
MPRegen  0.08/turn              k - ring of see invisible

@: held
A: retaliatory headbutt, horns 2
a: no special abilities


You were on level 3 of the Dungeon.
You were not hungry.

You visited 1 branch of the dungeon, and saw 3 of its levels.

You collected 128 gold pieces.

Inventory:

Hand Weapons
 a - a +0 war axe
 p - a +5 war axe (weapon)
Armour
 b - a +1 scale mail (worn)
 c - a +0 kite shield (worn)
Jewellery
 e - an uncursed ring of wizardry
 h - an uncursed ring of stealth
 i - a ring of stealth (left hand)
 j - an amulet of regeneration (around neck)
 k - a ring of see invisible (right hand)
Scrolls
 l - 2 scrolls of teleportation
 m - 3 scrolls of identify
 o - a scroll of remove curse
 q - a scroll of enchant armour
Potions
 d - a potion of might
 n - 2 potions of curing
Comestibles
 f - 5 rations
 g - 10 chunks of flesh


   Skills:
 - Level 3.6 Fighting
 + Level 6.2 Axes
 - Level 3.6 Armour
 - Level 3.6 Shields


You had 3 spell levels left.
You didn't know any spells.
Your spell library was empty.

Dungeon Overview and Level Annotations

Branches:
Dungeon (3/15)

Altars:
Elyvilon
Fedhas
Kikubaaqudgha


Innate Abilities, Weirdness & Mutations

You reflexively headbutt those who attack you in melee.
You have a pair of horns on your head.


Message History

You struggle against the net.
The bat hits you but does no damage. The gnoll hits you but does no damage.
The gnoll barely misses you.
You shred the net and break free!
A rat comes into view.
The gnoll hits you but does no damage. You block the bat's attack.
The gnoll hits you from afar with a +0 halberd.
The bat hits you but does no damage.
A frilled lizard comes into view.
You block the gnoll's attack.
The gnoll throws a throwing net.
The throwing net hits you.
You become entangled in the net!
You see here a throwing net.
You struggle against the net.
The orc hits you with a +0 falchion.
You struggle against the net.
The gnoll hits you from afar with a +0 halberd!
* * * LOW HITPOINT WARNING * * *
The orc hits you but does no damage.
You struggle against the net.
The gnoll hits you from afar with a +0 halberd!
You die...

####.....###†.........
#..................##
#.........#.#†.....#
##...#........#.)#..#
###.............#..#.##
##....?...<......##.>.######
..........b......##..(.....#
.......)bg#########........#
.#......ggo@..# #.........#
#......#####..............#
......... .?...........#
........# ..............
......... .#............
.....l... ####......... r...
#......... ########.. #..


You could see 3 gnolls, an orc and a bat.

Vanquished Creatures
  An orc priest (D:3)
  An adder (D:2)
  A gnoll (D:3)
  An ooze (D:3)
  A worm (D:3)
  A dart slug (D:2)
  2 leopard geckos (D:1)
  8 orcs (D:3)
  2 ball pythons
  5 bats
  6 giant cockroaches
  6 goblins
  3 hobgoblins
  4 jackals (D:3)
  2 quokkas
  3 frilled lizards
  6 kobolds
  A rat (D:1)
54 creatures vanquished.

Notes
Turn   | Place    | Note
-------+----------+-------------------------------------------
     0 | D:1      | Curus the Minotaur Fighter began the quest for the Orb.
     0 | D:1      | Reached XP level 1. HP: 19/19 MP: 0/0
   226 | D:1      | Reached skill level 3 in Axes
   264 | D:1      | Reached XP level 2. HP: 26/26 MP: 1/1
   620 | D:2      | Reached skill level 4 in Axes
   745 | D:2      | Found a white marble altar of Elyvilon.
   873 | D:2      | Found an ancient bone altar of Kikubaaqudgha.
   876 | D:2      | Found a blossoming altar of Fedhas.
   893 | D:2      | Reached XP level 3. HP: 31/31 MP: 2/2
  1528 | D:3      | Reached skill level 5 in Axes
  1537 | D:3      | Reached XP level 4. HP: 38/39 MP: 3/3
  1554 | D:3      | Reached skill level 6 in Axes
  1641 | D:3      | Slain by a gnoll

Illustrated notes

Levels and vault maps discovered:
D:1:      minmay_arrival_shoal_huts, layout_basic
D:2:      layout_basic, grunt_temple_overflow_growth_and_decay, first_ration,
          elyvilon_altar_5
D:3:      layout_rooms, chequers_temple_overflow_minitemple,
          nrook_mini_backslash, kennysheep_generic_room_10, uniq_natasha

Skill      XL: |  1  2  3  4 |
---------------+-------------+-----
Axes           | 3 4 5 6 |  6.2
Fighting       | |  3.6
Armour         | |  3.6
Shields        | |  3.6

Action                   |  1- 3 |  4- 6 || total
-------------------------+-------+-------++-------
Melee: War axe           |    75 |    21 ||    96
       Headbutt          |     9 |     2 ||    11
  Use: Scroll            |     6 |     1 ||     7
       Potion            |     2 |     1 ||     3
 Stab: Sleeping          |     2 |       ||     2
  Eat: Chunk             |     2 |       ||     2
Armor: Scale mail        |    41 |    18 ||    59
Dodge: Dodged            |    23 |    11 ||    34
Block: Kite shield       |    32 |    11 ||    43
